 Dungeon Crawl Stone Soup version 0.19.4 (webtiles) character file.

478 vatarom the Twirler (level 7, -1/82 HPs)
             Began as a Formicid Fighter on Feb 2, 2017.
             Succumbed to Paps's ghost's poison
             ... on level 4 of the Dungeon.
             The game lasted 00:07:03 (2414 turns).

vatarom the Twirler (Formicid Fighter)              Turns: 2414, Time: 00:07:03

Health: -1/82      AC: 23    Str: 27    XL:     7   Next: 33%
Magic:  16/16      EV:  2    Int:  7    God:
Gold:   118        SH: 10    Dex: 11    Spells: 0 memorised, 6 levels left

rFire  . . .     SeeInvis .     a - +0 quarterstaff
rCold  . . .     Gourm    .     (armour currently unavailable)
rNeg   + + +     Faith    .     c - +0 shield
rPois  +         Spirit   .     (helmet unavailable)
rElec  .         Reflect  .     (cloak currently unavailable)
rCorr  .         Harm     .     (gloves currently unavailable)
MR     .....                    (boots currently unavailable)
Stlth  +.........               (no amulet)
                                (no ring)
                                n - ring of magical power

@: mighty, lethally poisoned (-1 -> -23), tree-form
A: permanent stasis, dig shafts and tunnels, four strong arms, (antennae 0)
a: no special abilities


You were on level 4 of the Dungeon.
You were not hungry.
You were a tree.
You visited 1 branch of the dungeon, and saw 4 of its levels.

You collected 118 gold pieces.

Inventory:

Hand Weapons
 a - a +0 quarterstaff (weapon)
Armour
 b - a +0 scale mail (melded)
 c - a +0 shield (worn)
 i - a +0 pair of gloves (melded)
Jewellery
 n - a ring of magical power (left branch)
Wands
 o - a wand of confusion (13/48)
Scrolls
 e - 6 scrolls of identify
 m - a scroll of remove curse
Potions
 d - 2 potions of might
 k - 3 potions of flight
 l - a potion of brilliance
Comestibles
 f - 6 chunks of flesh
 h - a royal jelly


   Skills:
 + Level 4.5 Fighting
 + Level 5.0 Staves
 + Level 4.6 Armour
 + Level 1.6 Dodging
 + Level 0.3 Stealth
 + Level 4.9 Shields


You had 6 spell levels left.
You didn't know any spells.

Dungeon Overview and Level Annotations

Branches:
Dungeon (4/15)
 Temple: D:4-7

Altars:


Innate Abilities, Weirdness & Mutations

You are under a permanent stasis effect.
You can dig through walls and to a lower floor.
Your four strong arms can wield two-handed weapons with a shield.
((You have a pair of large antennae on your head. (SInv)))


Message History

You miss Paps's ghost.
Paps's ghost is almost destroyed.
* * * LOW HITPOINT WARNING * * *
You feel very sick.
Paps's ghost hits you but does no damage.
You sock Paps's ghost!
You destroy Paps's ghost!
Your Staves skill increases to level 5!
You have reached level 7!
* * * LOW HITPOINT WARNING * * *
You feel very sick.
Okay, then.
Okay, then.
* * * LOW HITPOINT WARNING * * *
You feel very sick.
* * * LOW HITPOINT WARNING * * *
You feel sick.
* * * LOW HITPOINT WARNING * * *
You feel very sick.
You die...

{...#.#
######..#.
#..(.....
#.......# #
#.......#.#
#$###...#.#.##
....^........#
#########.#.....
#....♣....# ###
#.######### #.#
...# #.# #..#
#.# #..# #.#
#..# #.# #..#
#.# #..#
#)#########..#


There were no monsters in sight!

Vanquished Creatures
  The ghost of Paps the Sneak, an amateur GrAs (D:4)
  A scorpion (D:4)
  A hound (D:4)
  Jessica (D:2)
  Ijyb (D:3)
  A worker ant (D:4)
  3 gnolls (D:3)
  4 adders
  An ooze (D:2)
  2 worms
  2 leopard geckos
  10 orcs (D:3)
  A giant cockroach (D:3)
  8 goblins
  4 hobgoblins
  8 jackals
  4 kobolds
  2 quokkas
  11 bats
  4 frilled lizards
  8 rats
78 creatures vanquished.

Notes
Turn   | Place    | Note
-------+----------+-------------------------------------------
     0 | D:1      | vatarom the Formicid Fighter began the quest for the Orb.
     0 | D:1      | Reached XP level 1. HP: 18/18 MP: 1/1
   124 | D:1      | Reached XP level 2. HP: 23/24 MP: 2/2
   551 | D:1      | Reached XP level 3. HP: 30/30 MP: 3/3
   987 | D:2      | Noticed Jessica
   990 | D:2      | Killed Jessica
   990 | D:2      | Reached XP level 4. HP: 37/37 MP: 4/4
  1348 | D:3      | Reached skill level 1 in Dodging
  1354 | D:3      | Reached skill level 3 in Staves
  1354 | D:3      | Reached XP level 5. HP: 34/42 MP: 5/5
  1675 | D:3      | Noticed Ijyb
  1682 | D:3      | Killed Ijyb
  1992 | D:4      | Reached XP level 6. HP: 48/48 MP: 6/6
  2047 | D:4      | Noticed an ogre
  2269 | D:4      | Reached skill level 4 in Staves
  2376 | D:4      | Noticed Paps's ghost (amateur GrAs)
  2410 | D:4      | Killed Paps's ghost
  2410 | D:4      | Reached skill level 5 in Staves
  2410 | D:4      | Reached XP level 7. HP: 11/55 MP: 7/7
  2412 | D:4      | HP: 4/82 [poisoned by Paps's ghost]
  2413 | D:4      | HP: 1/82 [poisoned by Paps's ghost]
  2414 | D:4      | Succumbed to Paps's ghost's poison

Skill      XL: |  1  2  3  4  5  6 |
---------------+-------------------+-----
Shields        | 4 |  4.9
Dodging        | 1 |  1.6
Staves         | 3 5 |  5.0
Armour         | 4 |  4.6
Fighting       | 4 |  4.5
Stealth        | |  0.3

Action                   |  1- 3 |  4- 6 |  7- 9 || total
-------------------------+-------+-------+-------++-------
Melee: Quarterstaff      |   121 |   182 |       ||   303
 Abil: Dig               |     5 |     5 |       ||    10
  Use: Scroll            |     7 |     1 |       ||     8
       Potion            |     2 |     6 |       ||     8
  Eat: Beef jerky        |     1 |       |       ||     1
       Chunk             |       |     3 |       ||     3
       Bread ration      |       |     1 |       ||     1
Armor: Scale mail        |    73 |    48 |       ||   121
       Skin              |       |     1 |       ||     1
Dodge: Dodged            |    43 |    61 |       ||   104
Block: Shield            |    67 |    89 |       ||   156
